 Dungeon Crawl Stone Soup version 0.20-a0-1086-g4bd2f5b (webtiles) character file.

548 Chaoticas the Conjurer (level 7, -6/36 HPs)
             Began as a Deep Elf Conjurer on May 1, 2017.
             Was an Initiate of Sif Muna.
             Mangled by an iguana (13 damage)
             ... on level 5 of the Dungeon.
             The game lasted 00:18:06 (4675 turns).

Chaoticas the Conjurer (Deep Elf Conjurer)          Turns: 4675, Time: 00:18:07

Health: -6/36      AC:  3    Str:  5    XL:     7   Next: 7%
Magic:  11/17      EV: 14    Int: 22    God:    Sif Muna [......]
Gold:   158        SH:  0    Dex: 15    Spells: 7/17 levels left

rFire    . . .     SeeInvis .   l - +1 short sword (protect)
rCold    . . .     Gourm    .   (no shield)
rNeg     . . .     Faith    .   a - +0 robe
rPois    .         Spirit   .   (no helmet)
rElec    .         Reflect  .   (no cloak)
rCorr    .         Harm     .   (no gloves)
MR       .....                  e - +0 pair of boots
Stlth    ++........             p - amulet of regeneration
Regen    0.6/turn               (no ring)
MPRegen  0.2/turn               (no ring)

@: lethally poisoned (-6 -> -7)
A: no striking features
a: Renounce Religion


You were on level 5 of the Dungeon.
You worshipped Sif Muna.
Sif Muna was noncommittal.
You were not hungry.

You visited 2 branches of the dungeon, and saw 8 of its levels.
You also visited: Ossuary.

You collected 158 gold pieces.

Inventory:

Hand Weapons
 d - a +0 short sword
   (You took it off a kobold on level 1 of the Dungeon)
 l - a +1 short sword of protection (weapon)
   (You took it off Terence on level 2 of the Dungeon)
Armour
 a - a +0 robe (worn)
 e - a +0 pair of boots (worn)
   (You found it on level 4 of the Dungeon)
Jewellery
 p - an amulet of regeneration (around neck)
   (You found it on level 3 of the Dungeon)
Wands
 k - a wand of random effects (39/48)
   (You took it off Terence on level 2 of the Dungeon)
Scrolls
 g - 2 scrolls of amnesia
 i - a scroll of fog {unknown}
 m - a scroll of fear {unknown}
 o - 2 scrolls of remove curse
 r - 5 scrolls of identify
Potions
 f - a potion of curing {unknown}
 h - 2 potions of resistance {unknown}
Books
 q - a book of Misfortune
   (You found it on level 3 of the Dungeon)

   Spells                             Type                      Level
   a - Confusing Touch                Hexes                        1
   b - Confuse                        Hexes                        3
   c - Gell's Gravitas                Translocation                3
   d - Petrify                        Transmutation/Earth          4
   e - Metabolic Englaciation         Hexes/Ice                    5
   f - Yara's Violent Unravelling     Hexes/Transmutation          5
 A - a book of Conjurations

   Spells                             Type                      Level
   a - Magic Dart                     Conjuration                  1
   b - Searing Ray                    Conjuration                  2
   c - Dazzling Spray                 Conjuration/Hexes            3
   d - Fulminant Prism                Conjuration/Hexes            4
   e - Force Lance                    Conjuration/Translocation    4
   f - Iskenderun's Mystic Blast      Conjuration                  4
Comestibles
 b - 2 meat rations
 c - 4 bread rations
 j - 5 royal jellies


   Skills:
 + Level 4.3 Dodging
 - Level 2.4 Stealth
 + Level 5.6 Spellcasting
 * Level 6.6 Conjurations
 * Level 4.3 Hexes


You had 7 spell levels left.
You knew the following spells:

 Your Spells              Type           Power        Failure   Level  Hunger
a - Magic Dart            Conj           ####         1%          1    None
b - Searing Ray           Conj           #####.       1%          2    None
c - Dazzling Spray        Conj/Hex       ####..       3%          3    ##.....
d - Fulminant Prism       Conj/Hex       ####......   10%         4    ####...


Dungeon Overview and Level Annotations

Branches:
Dungeon (7/15)             Temple (1/1) D:4

Altars:
Ashenzari
Cheibriados
Dithmenos
Elyvilon
Hepliaklqana
Kikubaaqudgha
Makhleb
Nemelex Xobeh
Qazlal
Ru
Sif Muna
Trog
Uskayaw
Vehumet
Wu Jian
Xom
Yredelemnul
Zin
The Shining One


Message History

Confirm with . or Enter, or press ? or * to list all spells.
Aiming: Fulminant Prism
Press: ? - help, Dir - move target cursor You conjure a prism of explosive energy!
The jackal barks! x2
You feel sick. The adder bites you.
The iguana hisses menacingly.
The adder bites you. The worker ant barely misses you.
You feel sick. The adder bites you but does no damage.
The worker ant bites you.
* * * LOW HITPOINT WARNING * * *
The iguana misses you.
Your fulminant prism crackles loudly.
You feel sick. The adder bites you but does no damage.
The worker ant barely misses you.
The iguana bites you but does no damage.
Your fulminant prism explodes!
The blast of energy engulfs the jackal.
You kill the jackal!
Sif Muna accepts your kill.
The blast of energy engulfs the worker ant.
You kill the worker ant!
Sif Muna accepts your kill.
The blast of energy engulfs the adder.
You kill the adder!
Sif Muna accepts your kill.
The blast of energy engulfs the iguana.
The iguana is severely wounded.
You hear a bark!
You hear an angry buzzing noise.
You hear a shout!
You feel sick.
Found a paperback book.
There is a stone staircase leading up here.
You feel sick. The iguana bites you!
* * * LOW HITPOINT WARNING * * *
You climb upwards.
An adder comes into view.
There is a stone staircase leading down here.
Casting: Fulminant Prism
Confirm with . or Enter, or press ? or * to list all spells.
Aiming: Searing Ray
Press: ? - help, Shift-Dir - straight line, f - iguana
Aim: an iguana (severely wounded)
The searing ray misses the iguana. (Press . to maintain the ray.)
You feel sick. The iguana misses you.
The searing ray hits the iguana.
The iguana is severely wounded.
The iguana hisses menacingly.
The iguana bites you!
You die...

# ..#...
#.#.#..#
.#.#..#
...S.
.... ..#
#l# #@#
#.# #.#
... ..#
##.. ...
.##


You could see an iguana and an adder (wandering).

Vanquished Creatures
  An ogre (D:4)
  The ghost of Nicocat the Gusty, an amateur TeAE (D:3)
  2 bullfrog skeletons (D:4)
  Terence (D:2)
  2 worker ants
  A hound skeleton (D:4)
  2 mummies (Ossuary)
  A worker ant zombie (Ossuary)
  8 adders
  7 oozes
  6 worms
  3 dart slugs
  4 leopard geckos
  An orc (D:4)
  4 giant cockroaches
  6 goblins (D:1)
  9 hobgoblins
  5 jackals
  2 quokkas (D:4)
  4 ball pythons
  10 bats
  5 frilled lizards
  10 kobolds
  10 rats
105 creatures vanquished.

Vanquished Creatures (others)
  A fulminant prism (D:6)
  A withered plant (Ossuary)
2 creatures vanquished.

Grand Total: 107 creatures vanquished

Notes
Turn   | Place    | Note
-------+----------+-------------------------------------------
     0 | D:1      | Chaoticas the Deep Elf Conjurer began the quest for the Orb.
     0 | D:1      | Reached XP level 1. HP: 10/10 MP: 6/6
   230 | D:1      | Reached XP level 2. HP: 10/15 MP: 8/8
   653 | D:1      | Reached skill level 3 in Dodging
   683 | D:1      | Reached XP level 3. HP: 15/19 MP: 5/10
   796 | D:1      | Reached skill level 4 in Spellcasting
   960 | D:1      | Reached skill level 5 in Conjurations
   987 | D:1      | Learned a level 2 spell: Searing Ray
   991 | D:1      | Learned a level 3 spell: Dazzling Spray
  1668 | D:2      | Reached XP level 4. HP: 24/24 MP: 3/12
  1798 | D:2      | Noticed Terence
  1841 | D:2      | HP: 12/24 [Terence/short sword of protection (3)]
  1843 | D:2      | Killed Terence
  1876 | D:2      | Reached skill level 1 in Hexes
  2267 | D:2      | Found a shadowy altar of Dithmenos.
  2386 | D:2      | Learned a level 4 spell: Fulminant Prism
  2491 | D:2      | HP: 10/24 [adder (4)]
  2497 | D:2      | HP: 6/24 [poisoned by an adder]
  2505 | D:2      | HP: 4/24 [poisoned by an adder]
  2513 | D:2      | HP: 3/24 [poisoned by an adder]
  2784 | D:2      | Reached XP level 5. HP: 28/28 MP: 12/14
  3010 | D:3      | Noticed Nicocat's ghost (amateur TeAE)
  3011 | D:3      | Nicocat's ghost turns its malevolent gaze towards you.
  3015 | D:3      | Killed Nicocat's ghost
  3015 | D:3      | Reached skill level 5 in Spellcasting
  3015 | D:3      | Reached skill level 2 in Hexes
  3166 | D:3      | Found a hazy altar of Hepliaklqana.
  3173 | D:3      | Identified a book of Misfortune
  3498 | D:3      | Found a bloodstained altar of Trog.
  3498 | D:3      | Noticed an eye of draining
  3501 | D:3      | HP: 12/28 [kobold/antimagic hand axe (5)]
  3612 | D:3      | Reached XP level 6. HP: 32/32 MP: 11/15
  3621 | D:3      | Found a deep blue altar of Sif Muna.
  3670 | D:3      | Became a worshipper of Sif Muna the Loreminder
  3784 | D:3      | Found a stormy altar of Qazlal.
  3837 | D:4      | Found a shimmering altar of Xom.
  3837 | D:4      | Found a white marble altar of Elyvilon.
  3837 | D:4      | Found a radiant altar of Vehumet.
  3837 | D:4      | Found a shattered altar of Ashenzari.
  3929 | D:4      | Found a hide-covered altar of Uskayaw.
  4064 | D:4      | Reached skill level 6 in Conjurations
  4064 | D:4      | Reached skill level 3 in Hexes
  4107 | D:4      | Found a staircase to the Ecumenical Temple.
  4119 | D:4      | HP: 2/32 [ogre/giant spiked club (26)]
  4121 | D:4      | Reached skill level 4 in Dodging
  4190 | Temple   | Entered the Ecumenical Temple
  4392 | D:4      | Found a sand-covered staircase.
  4410 | Ossuary  | Entered an ossuary
  4454 | Ossuary  | Reached skill level 4 in Hexes
  4600 | D:4      | Reached XP level 7. HP: 36/36 MP: 12/17
  4657 | D:4      | You fall through a shaft for 3 floors!
  4669 | D:6      | HP: 15/36 [worker ant (6)]
  4672 | D:6      | HP: 6/36 [iguana (7)]
  4673 | D:5      | Entered Level 5 of the Dungeon
  4675 | D:5      | Mangled by an iguana

Vault maps used:
D:1:      erik_arrival_gehennom, minmay_tetromino_i4
D:2:      lemuel_round_altar, serial_bayou_crossing, uniq_terence
D:3:      lemuel_coloured_pillars_altar, marbit_many_paths,
          nicolae_qazlal_eye_of_the_storm, trog_eyes_of_draining
D:4:      lemuel_round_altar, chequers_temple_overflow_statue_of_worship,
          minmay_temple_entry_overgrown, first_bread,
          nicolae_ossuary_entry_monument, kennysheep_slug_shrine
D:5:      lemuel_round_altar, nicolae_gozag_seed_capital
D:6:      portal_sewer_entry_f, basic_altar, uniq_eustachio
D:7:      the_bakery, minmay_misc_feat_nine_boxes
Temple:   nicolae_temple_figure_zero
Ossuary:  ossuary_zaba_flooded

Skill      XL: |  1  2  3  4  5  6 |
---------------+-------------------+-----
Dodging        | 3 4 |  4.3
Spellcasting   | 4 5 |  5.6
Conjurations   | 5 6 |  6.6
Hexes          | 1 2 4 |  4.3
Stealth        | |  2.4

Action                   |  1- 3 |  4- 6 |  7- 9 || total
-------------------------+-------+-------+-------++-------
Melee: Short sword       |    11 |    20 |     1 ||    32
 Cast: Magic Dart        |    76 |   182 |       ||   258
       Searing Ray       |       |     4 |     1 ||     5
       Dazzling Spray    |       |     1 |       ||     1
       Fulminant Prism   |       |       |     1 ||     1
  Use: Scroll            |       |     7 |       ||     7
 Stab: Sleeping          |       |       |     1 ||     1
  Eat: Chunk             |     2 |     8 |       ||    10
       Meat ration       |       |     1 |       ||     1
Armor: Robe              |     5 |     6 |     5 ||    16
Dodge: Dodged            |    24 |    38 |     9 ||    71
